Map: Dusk Towers

Players

VanillaICE

  • Race: Protoss Protoss
  • League: Platinum
  • Spawn Location: 1:00

Crane - Winner!

  • Race: Protoss Protoss
  • League: Gold
  • Spawn Location: 7:00

VOD

https://youtu.be/fOnSGxRvoKo

Description

Time

  • Played on: Dec. 11, 2015, 3:57 p.m.
  • Length: 5:19
Show
View Real Time Build Order
Export as new Build Order

VanillaICE Protoss 

Build Orders:  

Get SALT Encoding   

  12  0:01  Probe (Chrono Boost)  
  13  0:11  Probe (Chrono Boost)  
  14  0:17  Pylon  
  14  0:22  Probe (Chrono Boost)  
  15  0:36  Probe (Chrono Boost)  
  15  0:37  Gateway  
  16  0:44  Assimilator  
  16  0:47  Probe (Chrono Boost)  
  17  0:55  Assimilator  
  17  0:57  Probe (Chrono Boost)  
  18  1:08  Probe (Chrono Boost)  
  19  1:18  Probe (Chrono Boost)  
  20  1:29  Cybernetics Core  
  20  1:30  Probe (Chrono Boost)  
  21  1:44  Probe (Chrono Boost)  
  22  1:57  Nexus  
  22  2:00  Probe (Chrono Boost)  
  23  2:15  Pylon  
  23  2:23  Pylon  
  23  2:30  Warp Gate (Chrono Boost)  
  23  2:33  Probe (Chrono Boost)  
  24  2:39  Robotics Facility  
  26  2:44  Mothership Core (Chrono Boost)  
  26  2:52  Pylon  
  26  2:59  Stalker  
  26  3:03  Probe  
  28  3:08  Probe  
  29  3:18  Probe  
  29  3:19  Probe  
  30  3:20  Gateway  
  30  3:23  Pylon  
  30  3:25  Pylon  
  31  3:29  Probe  
  32  3:39  Warp Prism  
  34  3:42  Probe  
  34  3:44  Probe  
  36  3:51  Pylon  
  36  3:54  Probe x2  
  38  4:02  Gateway  
  34  4:23  Zealot x2  
  28  4:32  Immortal  
  24  4:55  Stalker  
  22  5:03  Zealot  
Show
View Real Time Build Order
Export as new Build Order

Crane Protoss - Winner!

Build Orders: Oracle Opening 

Get SALT Encoding   

  12  0:08  Pylon  
  13  0:14  Probe (Chrono Boost)  
  13  0:27  Gateway  
  13  0:31  Probe (Chrono Boost)  
  14  0:37  Assimilator  
  14  0:42  Probe (Chrono Boost)  
  15  0:52  Probe (Chrono Boost)  
  16  1:03  Probe (Chrono Boost)  
  17  1:14  Cybernetics Core  
  17  1:16  Gateway  
  17  1:20  Probe (Chrono Boost)  
  18  1:31  Probe (Chrono Boost)  
  19  1:33  Pylon  
  19  1:41  Probe (Chrono Boost)  
  19  1:45  Assimilator  
  20  1:51  Probe, Warp Gate (Chrono Boost)  
  21  1:57  Adept  
  23  2:06  Stalker  
  25  2:11  Probe  
  26  2:23  Probe  
  26  2:24  Stalker  
  29  2:36  Stalker  
  31  2:39  Pylon  
  31  2:50  Stargate  
  31  2:57  Adept  
  33  3:28  Pylon  
  33  3:35  Oracle (Chrono Boost)  
  33  3:40  Stalker  
  37  3:41  Stalker  
  37  4:24  Oracle (Chrono Boost)  
  38  4:33  Stalker x2  
  42  4:58  Nexus  
Tags
 
Matchup
PvP
Spawn Locations
Cross Positions
Add a new tag
Caveats
  • Supply blocks, unpowered buildings, or Contaminate may cause inaccurate times.
  • Supply counts are checked every 10 seconds.